 Dungeon Sprint DCSS version 0.30.1-11-g7821555f0a (webtiles) character file.

Game seed: 6406365512790444993

357 Heoruswealwe the Spear-Bearer (level 6, -10/63 HPs)
             Began as a Minotaur Fighter on Jan 8, 2024.
             Was an Initiate of Gozag.
             Mangled by a yak (13 damage)
             ... in the Dungeon (Sprint IX: "|||||||||||||||||||||||||||||").
             The game lasted 00:02:04 (144 turns).

Heoruswealwe the Spear-Bearer (Minotaur Fighter)     Turns: 144, Time: 00:02:05

Health: -10/63     AC:  8    Str: 22    XL:     6   Next: 37%
Magic:  5/5        EV:  9    Int:  5    God:    Gozag
Gold:   0          SH:  0    Dex: 10    Spells: 5/5 levels left

rFire   . . .        a - +0 trident
rCold   . . .        d - +0 buckler
rNeg    . . .        c - +0 scale mail
rPois   .            (helmet restricted)
rElec   .            (no cloak)
rCorr   .            (no gloves)
SInv    .            (no boots)
Will    .....        (no amulet) Stlth
                     (no ring)
HPRegen 0.30/turn    (no ring)
MPRegen 0.09/turn

%: no teleportation
@: confused, gold aura
A: horns 2, retaliatory headbutt
a: Renounce Religion, Potion Petition, Call Merchant, Bribe Branch


You were in the Dungeon.
You worshipped Gozag.
Gozag was noncommittal.
You visited 1 branch

Inventory:

Hand Weapons
 a - a +0 trident (weapon)
Armour
 c - a +0 scale mail (worn)
 d - a +0 buckler (worn)
Jewellery
 m - a +3 ring of dexterity
 n - a +2 ring of protection
Wands
 l - a wand of light (10)
Scrolls
 j - 2 scrolls of blinking
 k - 2 scrolls of amnesia
Potions
 b - a potion of might
 e - 5 potions of curing
 f - a potion of invisibility
 g - a potion of haste
 h - 2 potions of heal wounds
 i - a potion of berserk rage


   Skills:
 + Level 9.0 Fighting
 * Level 11.7 Polearms
 + Level 9.0 Armour
 - Level 3.6 Shields


You had 5 spell levels left.
You didn't know any spells.
Your spell library was empty.

Dungeon Overview and Level Annotations

Branches:
Dungeon (1/1)

Altars:
Cheibriados
Dithmenos
Elyvilon
Fedhas
Gozag
Hepliaklqana
Kikubaaqudgha
Makhleb
Nemelex Xobeh
Okawaru
Qazlal
Ru
Sif Muna
Trog
Uskayaw
Vehumet
Wu Jian
Xom
Yredelemnul
Zin
The Shining One
Jiyva
Lugonu


Innate Abilities, Weirdness & Mutations

You have a pair of horns on your head.
You reflexively headbutt those who attack you in melee.


Message History

Something hits you.
* * * LOW HITPOINT WARNING * * *
You puncture something!
You hear some strange, mumbled words.
You are confused.
You bump into the unnaturally hard rock wall.
You hear some strange, mumbled words.
Something tries to affect you, but you resist.
You hear some strange, mumbled words.
A puff of flame appears from out of thin air!
The puff of flame hits you.
* * * LOW HITPOINT WARNING * * *
You bump into the unnaturally hard rock wall.
You miss something. Your headbutt misses something.
You bump into the unnaturally hard rock wall.
Something hits you but does no damage. Something hits you.
* * * LOW HITPOINT WARNING * * *
Unknown command.
You bump into the unnaturally hard rock wall.
Something hits you but does no damage.
You bump into the unnaturally hard rock wall.
You feel less confused. Something hits you but does no damage.
You hit something but do no damage.
You hear some strange, mumbled words.
Something tries to affect you, but you resist.
You completely miss something.
You hear some strange, mumbled words.
You are confused.
You completely miss something. Something hits you but does no damage.
You puncture something!
Reactivating autopickup.
You feel a bit more experienced.
Your Fighting skill increases to level 9!
Your Armour skill increases to level 9!
You bump into the unnaturally hard rock wall.
You closely miss the yak. The yak gores you!
You die...
Your body crumbles into a pile of gold.

▓'▓
$
▓!▓
$
▓.▓
$
▓)▓
$
▓.▓
$
▓[▓
▓[▓
$
▓[▓
▓@▓
$
▓Y▓
▓$▓
$
▓$▓
▓.▓
$
▓.▓
$
▓.▓
$ $
▓.▓
$
▓.▓
$


You could see a yak.

Vanquished Creatures
  A yak (D)
  A wight (D)
  2 howler monkeys (D)
  2 orc wizards (D)
  An adder (D)
  A white imp (D)
  An ufetubus (D)
  An orc (D)
  A bat (D)
  An endoplasm (D)
  2 hobgoblins (D)
  A kobold (D)
15 creatures vanquished.

Notes
Turn   | Place    | Note
-------+----------+-------------------------------------------
     0 | D        | Heoruswealwe the Minotaur Fighter began the quest for the
                  | Orb.
     0 | D        | Reached XP level 1. HP: 19/19 MP: 0/0
    10 | D        | Reached skill level 3 in Polearms
    16 | D        | Reached skill level 4 in Polearms
    21 | D        | Noticed a howler monkey
    28 | D        | Reached XP level 2. HP: 25/28 MP: 1/1
    34 | D        | Reached skill level 5 in Polearms
    38 | D        | Reached skill level 5 in Fighting
    38 | D        | Reached skill level 5 in Armour
    38 | D        | Reached XP level 3. HP: 35/36 MP: 2/2
    48 | D        | Reached skill level 7 in Polearms
    48 | D        | Reached XP level 4. HP: 25/44 MP: 3/3
    57 | D        | Found a snail-covered altar of Cheibriados.
    57 | D        | Found a shadowy altar of Dithmenos.
    57 | D        | Found a white marble altar of Elyvilon.
    57 | D        | Found a blossoming altar of Fedhas.
    57 | D        | Found an opulent altar of Gozag.
    58 | D        | Found a hazy altar of Hepliaklqana.
    59 | D        | Found a viscous altar of Jiyva.
    60 | D        | Found an ancient bone altar of Kikubaaqudgha.
    61 | D        | Found a corrupted altar of Lugonu.
    62 | D        | Found a burning altar of Makhleb.
    63 | D        | Found a sparkling altar of Nemelex Xobeh.
    64 | D        | Found an iron altar of Okawaru.
    65 | D        | Became a worshipper of Gozag Ym Sagoz the Greedy
    66 | D        | Found a stormy altar of Qazlal.
    67 | D        | Found a sacrificial altar of Ru.
    68 | D        | Found a shimmering blue altar of Sif Muna.
    69 | D        | Found a bloodstained altar of Trog.
    70 | D        | Found a hide-covered altar of Uskayaw.
    71 | D        | Found a radiant altar of Vehumet.
    72 | D        | Found an ornate altar of the Wu Jian Council.
    73 | D        | Found a shimmering altar of Xom.
    74 | D        | Found a basalt altar of Yredelemnul.
    75 | D        | Found a glowing silver altar of Zin.
    76 | D        | Found a glowing golden altar of the Shining One.
   100 | D        | Noticed a yak
   100 | D        | Noticed a yak
   106 | D        | Reached skill level 8 in Polearms
   112 | D        | Reached skill level 9 in Polearms
   112 | D        | Reached XP level 5. HP: 24/52 MP: 4/4
   125 | D        | Killed a yak
   126 | D        | Reached skill level 11 in Polearms
   126 | D        | Reached XP level 6. HP: 6/62 MP: 5/5
   136 | D        | HP: 1/62 [something (4)]
   144 | D        | Mangled by a yak

Illustrated notes

Levels and vault maps discovered:
D:        linesprint [early_d, line_temple, items_1, d_10, items_2, lair_1,
          lair_end, items_3, orc_1, orc_end, items_4, d_15, swamp_1, shoals_1,
          snake_1, spider_1, d_20, vaults_1, items_5, swamp_end, shoals_end,
          snake_end, spider_end, vaults_end, d_27, items_6, zot_1, zot_end,
          crypt_end, forest_end, elf_end, slime_end, tomb_end, abyss_end,
          pan_hell_end]

Skill      XL: |  1  2  3  4  5  6 |
---------------+-------------------+-----
Polearms       | 4 5 7 9 11 | 11.7
Fighting       | 4 5 7 8 9 |  9.0
Armour         | 4 5 7 8 9 |  9.0
Shields        | |  3.6

Action                     |  1- 3 |  4- 6 || total
---------------------------+-------+-------++-------
  Melee: Trident           |    35 |    38 ||    73
         Headbutt          |     1 |     5 ||     6
    Use: Potion            |     1 |       ||     1
 Armour: Scale mail        |    12 |     9 ||    21
  Dodge: Dodged            |    19 |     6 ||    25
  Block: Buckler           |    11 |     1 ||    12
